 Dungeon Crawl Stone Soup version 0.22.0-38-g04b72b8c25 (webtiles) character file.

72274 Brecoman the Spry (level 15, -11/134 HPs)
             Began as a Merfolk Gladiator on Aug 25, 2018.
             Was the Champion of Fedhas.
             Blown up by an orb spider (39 damage)
             ... with an orb of destruction
             ... on level 1 of the Spider Nest on Aug 26, 2018.
             The game lasted 02:19:57 (25979 turns).

Brecoman the Spry (Merfolk Gladiator)              Turns: 25979, Time: 02:19:58

Health: -11/134    AC:  9    Str: 20    XL:     15   Next: 39%
Magic:  0/24       EV: 30    Int: 11    God:    Fedhas [******]
Gold:   105        SH:  0    Dex: 16    Spells: 14/14 levels left

rFire    . . .     SeeInvis +   j - +4 glaive of Conscience {drain, SInv Stlth+}
rCold    + . .     Gourm    .   (shield currently unavailable)
rNeg     . . .     Faith    .   V - +0 steam dragon scales
rPois    +         Spirit   +   X - +1 hat {Int+3}
rElec    +         Reflect  .   q - +1 cloak of Starlight {rElec rC+ EV+4 Stlth--}
rCorr    +         Harm     .   Q - +0 pair of gloves
MR       +....                  (no boots)
Stlth    ..........             c - amulet of guardian spirit
HPRegen  0.32/turn              U - ring of poison resistance
MPRegen  0.19/turn              Z - ring of resist corrosion

@: very slightly contaminated, studying Evocations
A: change form in water, swift swim, stealthy swim, antennae 1, high mp 1,
MP-powered wands
a: Fungal Bloom, Sunlight, Evolution, Growth, Reproduction, Rain, Renounce
Religion


You were on level 1 of the Spider Nest.
You worshipped Fedhas.
Fedhas was exalted by your worship.
You were hungry.

You visited 4 branches of the dungeon, and saw 21 of its levels.

You collected 2142 gold pieces.
You spent 2037 gold pieces at shops.

Inventory:

Hand Weapons
 j - the +4 glaive of Conscience (weapon) {drain, SInv Stlth+}
   (You found it on level 1 of the Spider Nest)

   A truly terrible weapon, it drains the life of those it strikes.
   It lets you see invisible.
   It makes you more stealthy.
 k - the +2 halberd of Fodusm {chop, Stlth+}
   (You found it on level 4 of the Dungeon)

   It inflicts extra damage upon your enemies.
   It makes you more stealthy.
 M - the +7 hand axe of Wounding {chop, MR+}
   (You found it on level 9 of the Dungeon)

   It inflicts extra damage upon your enemies.
   It affects your resistance to hostile enchantments.
 R - a +0 demon trident of freezing
 W - the +7 hand axe of Desperation {freeze, rC+ Stlth+, unknown}
   (You found it on level 12 of the Dungeon)

   It has been specially enchanted to freeze those struck by it, causing extra
   injury to most foes and up to half again as much damage against particularly
   susceptible opponents.
   It can also slow down cold-blooded creatures.
   It protects you from cold.
   It makes you more stealthy.
Missiles
 J - 4 javelins of penetration (quivered)
Armour
 b - the +0 ring mail of Naur {rN+}
   (You bought it in a shop on level 2 of the Orcish Mines)

   It protects you from negative energy.
 q - the +1 cloak of Starlight (worn) {rElec rC+ EV+4 Stlth--}
   (You bought it in a shop on level 2 of the Orcish Mines)

   It affects your evasion (+4).
   It protects you from cold.
   It insulates you from electricity.
   It makes you much less stealthy.
 Q - a +0 pair of gloves (worn)
 S - a +3 scale mail of positive energy
 V - +0 steam dragon scales (worn)
 X - a +1 hat of intelligence (worn)
Magical Staves
 a - an uncursed staff of earth {unknown}
Jewellery
 c - an amulet of guardian spirit (around neck)
 l - an uncursed ring of flight
 n - an uncursed ring of magical power
 N - an uncursed ring of fire
 U - a ring of poison resistance (left hand)
 Z - a ring of resist corrosion (right hand)
Wands
 i - a wand of disintegration (12)
 u - a wand of enslavement (12)
 A - a wand of iceblast (4)
 F - a wand of acid (5)
 G - a wand of random effects (22)
 H - a wand of flame (3)
Scrolls
 d - 2 scrolls of enchant armour
 e - 7 scrolls of teleportation
 o - a scroll of summoning
 p - 12 scrolls of remove curse
 v - 3 scrolls of enchant weapon
 y - a scroll of fear
 z - a scroll of holy word
 K - a scroll of fog
 L - 3 scrolls of immolation
 O - a scroll of random uselessness
 P - 2 scrolls of amnesia
 T - 2 scrolls of magic mapping
 Y - a scroll of blinking
Potions
 g - 5 potions of brilliance
 h - 4 potions of cancellation
 m - 4 potions of flight
 r - 5 potions of degeneration
 s - 3 potions of agility
 t - a potion of invisibility {unknown}
 x - 3 potions of heal wounds
 B - a potion of lignification
 C - 2 potions of curing
 D - a potion of might {unknown}
 E - 2 potions of magic {unknown}
 I - 3 potions of haste
Books
 w - a manual of Evocations
Comestibles
 f - 10 rations


   Skills:
 + Level 17.1 Fighting
 - Level 16.0 Polearms
 - Level 2.0 Throwing
 + Level 18.0 Dodging
 + Level 7.7 Invocations
 + Level 10.0 Evocations


You had 14 spell levels left.
You didn't know any spells.
Your spell library contained the following spells:

 Spells                   Type           Power        Failure   Level  Hunger
 Animate Skeleton         Necr           N/A          34%         1    ##.....
 Confusing Touch          Hex            #.....       34%         1    ##.....
 Corona                   Hex            #......      34%         1    ##.....
 Pain                     Necr           #...         34%         1    ##.....
 Sting                    Conj/Pois      #...         34%         1    ##.....
 Ensorcelled Hibernation  Hex/Ice        #.....       47%         2    ###....
 Poisonous Vapours        Pois/Air       #.....       47%         2    ###....
 Confuse                  Hex            #.......     71%         3    ####...
 Conjure Flame            Conj/Fire      #.......     71%         3    ####...
 Dazzling Spray           Conj/Hex       #.....       71%         3    ####...
 Gell's Gravitas          Tloc           #.........   71%         3    ####...
 Mephitic Cloud           Conj/Pois/Air  #.......     71%         3    ####...
 Regeneration             Chrm/Necr      #.........   71%         3    ####...
 Tukima's Dance           Hex            #.......     71%         3    ####...
 Vampiric Draining        Necr           #.........   71%         3    ####...
 Animate Dead             Necr           N/A          98%         4    #####..
 Olgreb's Toxic Radiance  Pois           #.......     98%         4    #####..
 Petrify                  Tmut/Erth      #.......     98%         4    #####..
 Metabolic Englaciation   Hex/Ice        #.........   100%        5    ######.
 Venom Bolt               Conj/Pois      #.........   100%        5    ######.
 Yara's Violent Unravell  Hex/Tmut       #.........   100%        5    ######.
 Freezing Cloud           Conj/Ice/Air   #.........   100%        6    #######
 Ring of Flames           Chrm/Fire      #.........   100%        7    #######


Dungeon Overview and Level Annotations

Branches:
Dungeon (12/15)            Temple (0/1) D:7            Lair (6/6) D:10
  Swamp (0/4) Lair:4       Spider (1/4) Lair:3        Slime (0/5) Lair:6
    Orc (2/2) D:11            Elf (0/3) Orc:2

Altars:
Ashenzari
Fedhas
Okawaru
Uskayaw
Vehumet
Wu Jian
Zin
Jiyva

Shops:
Orc:2 %%**[


Innate Abilities, Weirdness & Mutations

You revert to your normal form in water.
You are very nimble and swift while swimming.
You are very stealthy in the water. (Stealth+)
You have a pair of small antennae on your head.
You have an increased reservoir of magic. (+10% MP)
You expend magic power (3 MP) to strengthen your wands.


Message History

Okay, then.
Blink to where?
Press: ? - help, Dir - move target cursor You are very lightly contaminated with residual magic.
As you read the scroll of blinking, it crumbles to dust.
Something hits your plant!! Something bites your plant!
Something hits your plant. Something bites your plant.
The jumping spider leaps!
You feel a little guilty.
The orb spider pulsates with a strange energy.
The orb spider weaves a glowing orb of energy.
An orb of destruction comes into view.
A redback comes into view.
The orb spider begins to weave its threads into a brightly glowing ball.
You feel a little guilty.
The jumping spider leaps!
The orb spider weaves a glowing orb of energy.
The orb of destruction hits you!
You die...
Fedhas appreciates your contribution to the ecosystem.

........................##
.....^...................#
..(........#..(.........#
.^^#....$..(....s......##
.†........s............#
....#....s*.#.........##
..........§§.^#.....#≈≈#
.†..........§§§s.s...###
†††......§.s..s§@<....#
.ss.s.(...s...##..≈^..#
pPPP(..#......##≈≈≈≈###
.s#..........≈≈######
≈.........##.≈≈#
#≈##....#≈###≈##
######.^≈## ### #####


You could see 2 orb spiders and 6 redbacks.

Vanquished Creatures
  Gastronok (D:12)
  Kirke (Spider:1)
  Snorg (Orc:2)
  An ettin (Orc:2)
  The ghost of hofbold the Nimble, a journeyman MfTm of Nemelex Xobeh (Orc:1)
  14 two-headed ogres (Orc:2)
  4 death yaks
  4 ogre magi (Orc:2)
  Urug (D:11)
  Sonja (D:11)
  Pikel (D:6)
  An orc knight (Orc:1)
  2 wolf spiders (Spider:1)
  3 ugly things (D:12)
  A manticore (D:11)
  3 elephants (Lair:4)
  A cyclops (D:8)
  Maurice (Orc:2)
  3 black mambas
  8 spiny frogs
  A rime drake (Lair:5)
  5 komodo dragons
  4 jumping spiders (Spider:1)
  4 trolls
  A hornet (D:10)
  9 polar bears
  12 hippogriffs
  A dream sheep (Lair:6)
  3 raiju (Lair:6)
  Grinder (D:3)
  Prince Ribbit (D:6)
  A shadow (D:11)
  7 redbacks (Spider:1)
  3 spriggans (Lair:2)
  2 tarantellas (Spider:1)
  4 wyverns
  2 humans (D:10)
  60 yaks
  7 basilisks
  A hungry ghost (D:9)
  4 steam dragons
  Edmund (D:4)
  7 wargs
  An acid dragon (D:11)
  Duvessa (D:6)
  11 water moccasins
  11 hell hounds (Lair:6)
  6 porcupines
  A wandering mushroom (D:12)
  2 swamp drakes (Lair:6)
  5 ice beasts
  8 orc warriors
  4 sky beasts
  An eye of draining (D:11)
  4 necrophages
  12 black bears
  26 wolves
  30 ogres
  9 centaurs
  15 crocodiles
  A big kobold (D:10)
  14 bullfrogs
  A water moccasin zombie (D:7)
  Dowan (D:6)
  3 scorpions
  12 killer bees
  8 wights
  A howler monkey (D:4)
  12 electric eels
  5 crimson imps
  3 quasits
  A centaur skeleton (D:6)
  5 hounds
  5 jellies
  21 orc wizards
  Crazy Yiuf (D:4)
  8 orc priests
  2 bullfrog skeletons
  Jessica (D:3)
  4 iguanas
  Natasha (thrice) (D:4)
  2 hell rats (Lair:3)
  14 worker ants
  A hound skeleton (D:4)
  A mummy (D:8)
  A worker ant zombie (D:11)
  9 gnolls (D:5)
  11 adders
  11 river rats (Lair:3)
  A shadow imp (D:11)
  7 oozes
  An adder zombie (D:7)
  A worm (D:2)
  3 leopard geckos
  49 orcs
  3 ball pythons
  3 giant cockroaches
  A goblin (D:1)
  5 hobgoblins
  13 jackals
  12 kobolds
  5 quokkas
  13 bats
  5 frilled lizards
  9 rats
  A toadstool (Lair:4)
635 creatures vanquished.

Vanquished Creatures (collateral kills)
  A fire dragon (Lair:6)
  2 hydras
  2 two-headed ogres (Orc:2)
  A swamp dragon (Lair:6)
  A polar bear (Lair:6)
  A hornet (Spider:1)
  2 dream sheep
  3 yaks (Lair:6)
  2 redbacks (Spider:1)
  A tarantella (Spider:1)
  A wyvern (Lair:4)
  A hog (Spider:1)
  A basilisk (Lair:4)
  A warg (Orc:2)
  A hell hound (Lair:6)
  A black bear (Lair:6)
  A wolf (Lair:6)
  A crocodile (Lair:1)
  An iguana (Lair:6)
  An orc (Orc:2)
26 creatures vanquished.

Vanquished Creatures (others)
  5 oklob plants
  A rime drake (Lair:6)
  A tarantella (Spider:1)
  5 humans (Spider:1)
  7 wandering mushrooms
  11 fungi
  12 plants
  463 toadstools
505 creatures vanquished.

Grand Total: 1166 creatures vanquished

Notes
Turn   | Place    | Note
-------+----------+-------------------------------------------
     0 | D:1      | Brecoman the Merfolk Gladiator began the quest for the Orb.
     0 | D:1      | Reached XP level 1. HP: 16/16 MP: 1/1
   198 | D:1      | Reached skill level 5 in Polearms
   198 | D:1      | Reached XP level 2. HP: 23/23 MP: 2/2
   953 | D:2      | Reached XP level 3. HP: 25/28 MP: 3/3
  1445 | D:2      | Reached XP level 4. HP: 34/35 MP: 4/4
  1834 | D:3      | Noticed Grinder
  1878 | D:3      | Paralysed by Grinder for 6 turns
  1892 | D:3      | Killed Grinder
  1892 | D:3      | Reached XP level 5. HP: 39/43 MP: 5/5
  1892 | D:3      | Reached XP level 6. HP: 45/49 MP: 6/6
  2129 | D:3      | Noticed Jessica
  2132 | D:3      | Killed Jessica
  2789 | D:4      | Noticed Natasha
  2794 | D:4      | Killed Natasha
  2794 | D:4      | Reached XP level 7. HP: 55/55 MP: 7/7
  2872 | D:4      | Noticed Natasha
  2879 | D:4      | Reached skill level 5 in Fighting
  2881 | D:4      | Killed Natasha
  3064 | D:4      | Reached skill level 10 in Polearms
  3097 | D:4      | Got a jewelled halberd
  3098 | D:4      | Identified the +2 halberd of Fodusm {chop, Stlth+} (You found it on level 4 of the Dungeon)
  3409 | D:4      | Found a radiant altar of Vehumet.
  3410 | D:4      | Found an ornate altar of the Wu Jian Council.
  3412 | D:4      | Found a glowing silver altar of Zin.
  3412 | D:4      | Found a blossoming altar of Fedhas.
  3417 | D:4      | Became a worshipper of Fedhas Madash
  3440 | D:4      | Noticed Natasha
  3445 | D:4      | Killed Natasha
  3620 | D:4      | Noticed Edmund
  3639 | D:4      | Killed Edmund
  3749 | D:4      | Found a runed door.
  3789 | D:4      | Noticed Crazy Yiuf
  3792 | D:4      | Killed Crazy Yiuf
  4001 | D:4      | Reached XP level 8. HP: 62/64 MP: 8/8
  4116 | D:5      | Entered Level 5 of the Dungeon
  5305 | D:6      | Reached XP level 9. HP: 33/72 MP: 9/9
  5469 | D:6      | Noticed Prince Ribbit
  5584 | D:6      | Killed Prince Ribbit
  5643 | D:6      | Noticed Pikel
  5653 | D:6      | Killed Pikel
  5976 | D:6      | Noticed Dowan
  5976 | D:6      | Noticed Duvessa
  5980 | D:6      | Killed Dowan
  5996 | D:6      | Killed Duvessa
  6055 | D:7      | Reached skill level 15 in Polearms
  6319 | D:7      | Reached XP level 10. HP: 44/83 MP: 10/10
  6599 | D:7      | Reached * piety under Fedhas
  6604 | D:7      | Found a staircase to the Ecumenical Temple.
  7118 | D:7      | Reached skill level 5 in Dodging
  7414 | D:8      | Noticed a cyclops
  7638 | D:8      | Killed a cyclops
  7638 | D:8      | Reached skill level 10 in Fighting
  7638 | D:8      | Reached skill level 6 in Dodging
  7759 | D:8      | Reached skill level 7 in Dodging
  7774 | D:8      | Found a blossoming altar of Fedhas.
  8717 | D:9      | Got a jewelled hand axe
  8718 | D:9      | Identified the +7 hand axe of Wounding {chop, MR+} (You found it on level 9 of the Dungeon)
  8928 | D:9      | Found a shattered altar of Ashenzari.
  9171 | D:10     | Entered Level 10 of the Dungeon
  9188 | D:10     | Found a hide-covered altar of Uskayaw.
  9247 | D:10     | Reached skill level 8 in Dodging
  9674 | D:10     | Reached XP level 11. HP: 69/93 MP: 11/11
  9806 | D:10     | Found an iron altar of Okawaru.
  9832 | D:10     | Reached skill level 9 in Dodging
 10012 | D:10     | Reached ** piety under Fedhas
 10227 | D:10     | Found a staircase to the Lair.
 10475 | D:11     | Noticed Sonja
 10489 | D:11     | Killed Sonja
 10489 | D:11     | Reached skill level 10 in Dodging
 10493 | D:11     | Noticed Urug
 10907 | D:11     | Found a staircase to the Orcish Mines.
 11024 | D:11     | Killed Urug
 11026 | D:11     | Noticed a manticore
 11476 | D:11     | Killed a manticore
 11476 | D:11     | Reached skill level 11 in Dodging
 12082 | D:12     | Noticed a purple ugly thing
 12149 | D:12     | Killed a purple ugly thing
 12280 | D:12     | Noticed a red ugly thing
 12294 | D:12     | Killed a red ugly thing
 12294 | D:12     | Reached skill level 12 in Dodging
 12294 | D:12     | Reached XP level 12. HP: 78/103 MP: 12/12
 12334 | D:12     | Got a twisted hand axe
 12621 | D:12     | Noticed Gastronok
 12662 | D:12     | Killed Gastronok
 12754 | D:12     | Noticed a five-headed hydra
 13159 | Lair:1   | Entered Level 1 of the Lair of Beasts
 13297 | Lair:1   | Reached skill level 13 in Dodging
 13378 | Lair:1   | Reached *** piety under Fedhas
 14643 | Lair:2   | Reached skill level 14 in Dodging
 14910 | Lair:2   | Reached **** piety under Fedhas
 15447 | Lair:3   | Reached XP level 13. HP: 105/114 MP: 13/13
 15505 | Lair:3   | Found a hole to the Spider Nest.
 15586 | Lair:3   | Reached skill level 15 in Dodging
 15764 | Lair:3   | Reached skill level 15 in Fighting
 16268 | Lair:3   | Gained mutation: You have a pair of small antennae on your head. [potion of mutation]
 16268 | Lair:3   | Gained mutation: You have an increased reservoir of magic. (+10% MP) [potion of mutation]
 16268 | Lair:3   | Gained mutation: You expend magic power (3 MP) to strengthen your wands. [potion of mutation]
 16584 | Lair:4   | Reached skill level 1 in Evocations
 17079 | Lair:4   | Found a staircase to the Swamp.
 17098 | Lair:4   | Reached ***** piety under Fedhas
 18074 | Lair:5   | Reached skill level 16 in Dodging
 18680 | Lair:5   | Reached skill level 1 in Invocations
 19201 | Lair:6   | Entered Level 6 of the Lair of Beasts
 19606 | Lair:6   | Reached skill level 5 in Evocations
 19613 | Lair:6   | Reached XP level 14. HP: 124/124 MP: 17/19
 19780 | Lair:6   | Found a viscous altar of Jiyva.
 19780 | Lair:6   | Found a staircase to the Slime Pits.
 22457 | Orc:1    | Entered Level 1 of the Orcish Mines
 22643 | Orc:2    | Entered Level 2 of the Orcish Mines
 22664 | Orc:2    | Reached skill level 17 in Dodging
 22718 | Orc:2    | Noticed Snorg
 22736 | Orc:2    | Killed Snorg
 22736 | Orc:2    | Reached skill level 5 in Invocations
 23235 | Orc:2    | Found a staircase to the Elven Halls.
 23243 | Orc:2    | Found Cigop's Antique Armour Emporium.
 23254 | Orc:2    | Bought the +1 cloak of Starlight {rElec rC+ EV+4 Stlth--} for 1557 gold pieces
 23254 | Orc:2    | Found the +1 cloak of Starlight {rElec rC+ EV+4 Stlth--}
 23254 | Orc:2    | Bought a spiked ring mail for 315 gold pieces
 23276 | Orc:2    | Identified the +0 ring mail of Naur {rN+} (You bought it in a shop on level 2 of the Orcish Mines)
 23288 | Orc:2    | Noticed Maurice
 23304 | Orc:2    | Killed Maurice
 23442 | Orc:1    | Reached ****** piety under Fedhas
 24079 | Orc:2    | Reached XP level 15. HP: 35/132 MP: 2/23
 24766 | Orc:2    | Found Asmib's Assorted Antiques.
 24766 | Orc:2    | Found Xophebex's Food Emporium.
 24767 | Orc:2    | Found Jafio's Assorted Antiques.
 24767 | Orc:2    | Found Uclat's Food Shop.
 24779 | Orc:2    | Bought a ration for 55 gold pieces
 24779 | Orc:2    | Bought a ration for 55 gold pieces
 24779 | Orc:2    | Bought a ration for 55 gold pieces
 25125 | Orc:1    | Found a runed door.
 25127 | Orc:1    | Noticed hofbold's ghost (journeyman MfTm)
 25141 | Orc:1    | Killed hofbold's ghost
 25510 | Spider:1 | Entered Level 1 of the Spider Nest
 25525 | Spider:1 | Got a transparent glaive
 25526 | Spider:1 | Identified the +4 glaive of Conscience {drain, SInv Stlth+} (You found it on level 1 of the Spider Nest)
 25940 | Spider:1 | Noticed Kirke
 25957 | Spider:1 | Killed Kirke
 25957 | Spider:1 | Reached skill level 10 in Evocations
 25965 | Spider:1 | Reached skill level 18 in Dodging
 25979 | Spider:1 | Blown up by an orb spider

Skill      XL: |  1  2  3  4  5  6  7  8  9 10 11 12 13 14 15 |
---------------+----------------------------------------------+-----
Polearms       | 5 6 8 9 10 13 15 16 | 16.0
Fighting       | 3 4 5 7 9 11 12 14 15 16 17 | 17.1
Dodging        | 8 12 14 16 17 18 | 18.0
Evocations     | 5 8 10 | 10.0
Invocations    | 2 6 7 |  7.7
Throwing       | |  2.0

Action                   |  1- 3 |  4- 6 |  7- 9 | 10-12 | 13-15 || total
-------------------------+-------+-------+-------+-------+-------++-------
Melee: Trident           |   119 |   106 |    48 |       |       ||   273
       Halberd           |       |       |   216 |   732 |  1064 ||  2012
       Unarmed           |       |       |       |    20 |       ||    20
       Tailslap          |       |       |       |       |    17 ||    17
       Glaive            |       |       |       |       |    65 ||    65
 Fire: Hunting sling     |     7 |       |       |       |       ||     7
Throw: Throwing net      |       |     5 |     3 |     2 |       ||    10
       Stone             |       |       |       |       |     1 ||     1
       Javelin           |       |       |       |       |     1 ||     1
Invok: Fungal Bloom      |       |       |     7 |    47 |    40 ||    94
       Evolution         |       |       |       |     3 |    16 ||    19
       Growth            |       |       |       |       |     1 ||     1
Evoke: Wand              |       |       |       |       |    34 ||    34
  Use: Scroll            |       |     1 |     9 |    13 |    12 ||    35
       Potion            |       |       |       |     2 |     6 ||     8
 Stab: Sleeping          |     1 |     1 |     4 |    14 |     5 ||    25
       Held in net/web   |       |     1 |     1 |       |       ||     2
       Distracted        |       |       |       |     1 |     5 ||     6
       Confused          |       |       |       |       |     4 ||     4
  Eat: Chunk             |     2 |     4 |     7 |    21 |    27 ||    61
       Ration            |       |       |     1 |     3 |     2 ||     6
Armor: Leather armour    |    29 |    24 |     4 |       |       ||    57
       Ring mail         |       |       |    47 |    61 |    10 ||   118
       Scale mail        |       |       |     2 |       |       ||     2
       Skin              |       |       |       |    49 |       ||    49
       Steam dragon scal |       |       |       |    31 |    82 ||   113
Dodge: Dodged            |    75 |    34 |   121 |   423 |  1282 ||  1935
       Deflected         |       |       |       |    20 |     8 ||    28
